 Dungeon Crawl Stone Soup version 0.25.1-8-g42b30a86e7 (webtiles) character file.

Game seed: 10937487096914715321

3794 krpopo the Fighter (level 10, -6/88 HPs)
             Began as a Gnoll Wanderer on Dec 9, 2020.
             Was a Follower of Okawaru.
             Mangled by a cyclops (22 damage)
             ... on level 7 of the Dungeon.
             The game lasted 00:18:39 (8512 turns).

krpopo the Fighter (Gnoll Wanderer)                 Turns: 8512, Time: 00:18:40

Health: -6/88      AC: 19    Str: 13    XL:     10   Next: 16%
Magic:  17/17      EV:  4    Int: 15    God:    Okawaru [*.....]
Gold:   436        SH: 15    Dex: 26    Spells: 18/18 levels left

rFire    . . .     SeeInvis .   F - +1 short sword of Lies {vorpal, *Slow +Rage Dex+7 Stlth+}
rCold    . . .     Gourm    .   t - +0 kite shield
rNeg     . . .     Faith    .   g - +0 plate armour
rPois    .         Spirit   .   L - +0 helmet
rElec    .         Reflect  +   w - +0 cloak
rCorr    .         Harm     .   C - +0 pair of gloves
MR       .....                  v - +2 pair of boots
Stlth    ..........             y - amulet of reflection
HPRegen  0.24/turn              (no ring)
MPRegen  0.15/turn              (no ring)

@: no status effects
A: distributed training, fangs 1, strong nose
a: Heroism, Renounce Religion, Evoke Berserk Rage


You were on level 7 of the Dungeon.
You worshipped Okawaru.
Okawaru was aware of your devotion.
You were not hungry.

You visited 1 branch of the dungeon, and saw 8 of its levels.

You collected 436 gold pieces.

Inventory:

Hand Weapons
 h - a +2 dagger of venom
 j - a +0 long sword of holy wrath
 s - a +0 trident
 F - the +1 short sword of Lies (weapon) {vorpal, *Slow +Rage Dex+7 Stlth+}
   (You found it on level 4 of the Dungeon)

   It inflicts extra damage upon your enemies.
   It affects your dexterity (+7).
   It lets you go berserk.
   It may slow you when you take damage.
   It makes you more stealthy.
 P - a +0 scythe
 R - a +0 shortbow
 T - a +4 dagger of draining
Missiles
 K - 86 arrows
 O - 16 sling bullets
Armour
 e - a +0 robe
 g - a +0 plate armour (worn)
 t - a +0 kite shield (worn)
 v - a +2 pair of boots (worn)
 w - a +0 cloak (worn)
 B - a +2 leather armour of fire resistance
 C - a +0 pair of gloves (worn)
 L - a +0 helmet (worn)
Jewellery
 y - an amulet of reflection (around neck)
 D - an uncursed amulet of faith
 G - an uncursed amulet of magic regeneration
Wands
 a - a wand of paralysis (8)
 A - a wand of acid (5)
 E - a wand of flame (18)
 J - a wand of iceblast (10)
Scrolls
 b - 6 scrolls of blinking
 k - 2 scrolls of teleportation
 l - 2 scrolls of immolation {unknown}
 n - 2 scrolls of fog
 o - 3 scrolls of remove curse
 q - 2 scrolls of enchant armour {unknown}
 u - 3 scrolls of amnesia
 x - a scroll of enchant weapon {unknown}
 H - a scroll of summoning {unknown}
 I - a scroll of fear {unknown}
 M - a scroll of magic mapping {unknown}
Potions
 c - a potion of magic {unknown}
 d - 2 potions of lignification
 i - 4 potions of mutation
 m - a potion of haste {unknown}
 p - 3 potions of curing {unknown}
 r - a potion of invisibility {unknown}
 z - 2 potions of brilliance {unknown}
 N - a potion of stabbing {unknown}
 Q - a potion of flight {unknown}
Comestibles
 f - 18 rations
 S - 2 chunks of flesh


   Skills:
 + Level 11.3 Fighting
 + Level 4.9 Short Blades
 + Level 4.9 Long Blades
 + Level 4.9 Axes
 + Level 4.9 Maces & Flails
 + Level 4.9 Polearms
 + Level 4.9 Staves
 + Level 4.9 Slings
 + Level 4.9 Bows
 + Level 4.9 Crossbows
 + Level 5.6 Throwing
 + Level 4.9 Armour
 + Level 5.6 Dodging
 + Level 5.5 Stealth
 + Level 4.9 Shields
 + Level 6.8 Unarmed Combat
 + Level 4.9 Spellcasting
 + Level 4.0 Conjurations
 + Level 4.0 Hexes
 + Level 4.0 Charms
 + Level 4.0 Summonings
 + Level 4.0 Necromancy
 + Level 4.0 Translocations
 + Level 4.0 Transmutations
 + Level 4.0 Fire Magic
 + Level 4.0 Ice Magic
 + Level 4.0 Air Magic
 + Level 4.0 Earth Magic
 + Level 4.0 Poison Magic
 + Level 5.4 Invocations
 + Level 4.9 Evocations


You had 18 spell levels left.
You didn't know any spells.
Your spell library was empty.

Dungeon Overview and Level Annotations

Branches:
Dungeon (8/15)             Temple (0/1) D:7
   Lair: D:8-11

Altars:
Nemelex Xobeh
Okawaru
Ru
Xom
The Shining One

Shops:
D:5 [


Innate Abilities, Weirdness & Mutations

Your experience applies equally to all skills.
You have very sharp teeth.
Your uncanny sense of smell can sniff out nearby items.


Message History

You block the orc's attack. You block the cyclops's attack.
You hit the cyclops but do no damage.
The cyclops is heavily wounded.
You hit the cyclops but do no damage. You bite the cyclops, but do no damage.
The cyclops is heavily wounded.
You block the orc's attack. You block the cyclops's attack.
You hit the cyclops.
The cyclops is heavily wounded.
The orc hits you with a cursed -2 mace.
You hit the cyclops but do no damage.
The cyclops is heavily wounded.
You block the cyclops's attack. The orc hits you but does no damage.
You hit the cyclops.
The cyclops is heavily wounded.
The cyclops hits you!
* * * LOW HITPOINT WARNING * * *
You hit the cyclops. You bite the cyclops, but do no damage.
The cyclops is heavily wounded.
You block the orc's attack. The cyclops hits you!!
You die...

.(...# ##.....## .....####
#.......### ....^...#
#..._.....# ........#
#.......#.#
........####.....##[#
#.##.......##...##..#
...>...#....#####...#
#.#..#.##......)o...#
....######.##..#@...#####
......#.##.....[C[.#.##.#
........##.##[....##.##.##
............#............##
..................>#......##
##...............###.......###
.................##........#.##
................####......p...#
...............## #..........#


You could see a cyclops and an orc.

Vanquished Creatures
  A two-headed ogre (D:7)
  Pikel (D:7)
  Prince Ribbit (D:7)
  Grinder (D:6)
  Sigmund (D:6)
  Menkaure (D:6)
  An orc warrior (D:7)
  A black bear (D:6)
  An ice beast (D:7)
  4 ogres
  A centaur (D:7)
  A bullfrog (D:6)
  A scorpion (D:7)
  5 killer bees (D:4)
  4 crimson imps
  A bullfrog zombie (D:7)
  A hound (D:7)
  A jelly (D:7)
  A bullfrog skeleton (D:5)
  2 orc priests (D:6)
  A gnoll shaman (D:7)
  Ijyb (D:3)
  An orc wizard (D:7)
  4 worker ants
  A hound skeleton (D:4)
  A worker ant zombie (D:5)
  6 adders
  9 gnolls
  3 oozes
  2 adder zombies (D:6)
  2 worms (D:2)
  3 dart slugs
  2 leopard geckos
  13 orcs
  4 giant cockroaches
  6 goblins
  5 hobgoblins
  27 jackals
  2 kobolds
  4 quokkas
  2 ball pythons
  8 bats
  2 frilled lizards
  4 rats
144 creatures vanquished.

Vanquished Creatures (others)
  Maggie (D:7)
  3 gnolls (D:7)
4 creatures vanquished.

Grand Total: 148 creatures vanquished

Notes
Turn   | Place    | Note
-------+----------+-------------------------------------------
     0 | D:1      | Reached skill level 10 in Fighting
     0 | D:1      | krpopo the Gnoll Wanderer began the quest for the Orb.
     0 | D:1      | krpopo set off with the following items: a +0 falchion, a
                  | scroll of blinking, a potion of heal wounds, a potion of
                  | lignification, a +0 robe, a ration
     0 | D:1      | Reached XP level 1. HP: 28/28 MP: 1/1
   245 | D:1      | Reached XP level 2. HP: 32/36 MP: 2/2
   547 | D:1      | Reached XP level 3. HP: 41/42 MP: 3/3
   611 | D:1      | HP: 1/42 [poisoned by a goblin]
  1150 | D:2      | Reached skill level 1 in Invocations
  1312 | D:2      | Reached skill level 1 in Short Blades
  1312 | D:2      | Reached skill level 1 in Long Blades
  1312 | D:2      | Reached skill level 1 in Axes
  1312 | D:2      | Reached skill level 1 in Maces & Flails
  1312 | D:2      | Reached skill level 1 in Polearms
  1312 | D:2      | Reached skill level 1 in Staves
  1312 | D:2      | Reached skill level 1 in Slings
  1312 | D:2      | Reached skill level 1 in Bows
  1312 | D:2      | Reached skill level 1 in Crossbows
  1312 | D:2      | Reached skill level 1 in Armour
  1312 | D:2      | Reached skill level 1 in Shields
  1312 | D:2      | Reached skill level 1 in Spellcasting
  1312 | D:2      | Reached skill level 1 in Evocations
  1312 | D:2      | Reached XP level 4. HP: 45/48 MP: 5/5
  1752 | D:2      | Reached skill level 1 in Conjurations
  1752 | D:2      | Reached skill level 1 in Hexes
  1752 | D:2      | Reached skill level 1 in Charms
  1752 | D:2      | Reached skill level 1 in Summonings
  1752 | D:2      | Reached skill level 1 in Necromancy
  1752 | D:2      | Reached skill level 1 in Translocations
  1752 | D:2      | Reached skill level 1 in Transmutations
  1752 | D:2      | Reached skill level 1 in Fire Magic
  1752 | D:2      | Reached skill level 1 in Ice Magic
  1752 | D:2      | Reached skill level 1 in Air Magic
  1752 | D:2      | Reached skill level 1 in Earth Magic
  1752 | D:2      | Reached skill level 1 in Poison Magic
  2124 | D:2      | Reached XP level 5. HP: 35/54 MP: 6/6
  2546 | D:3      | Noticed Ijyb
  2554 | D:3      | Killed Ijyb
  2838 | D:4      | Found a sacrificial altar of Ru.
  2877 | D:4      | Reached XP level 6. HP: 56/61 MP: 8/8
  2881 | D:4      | Reached skill level 5 in Unarmed Combat
  3122 | D:4      | Reached XP level 7. HP: 61/67 MP: 10/10
  3578 | D:4      | Got a bloodstained short sword
  3579 | D:4      | Identified the +1 short sword of Lies {vorpal, *Slow +Rage
                  | Dex+7 Stlth+} (You found it on level 4 of the Dungeon)
  3960 | D:5      | Entered Level 5 of the Dungeon
  4275 | D:5      | Found Habrogh's Armour Shop.
  4529 | D:6      | Noticed Menkaure
  4816 | D:6      | Reached XP level 8. HP: 57/74 MP: 12/12
  5289 | D:6      | Killed Menkaure
  5648 | D:6      | Noticed Sigmund
  5658 | D:6      | Killed Sigmund
  5853 | D:6      | Found a sparkling altar of Nemelex Xobeh.
  5854 | D:6      | Noticed Grinder
  5858 | D:6      | Paralysed by Grinder for 2 turns
  5871 | D:6      | Paralysed by Grinder for 3 turns
  5875 | D:6      | Paralysed by Grinder for 2 turns
  5880 | D:6      | Killed Grinder
  6112 | D:7      | Reached skill level 11 in Fighting
  6112 | D:7      | Reached XP level 9. HP: 81/81 MP: 14/14
  6345 | D:7      | Noticed Prince Ribbit
  6533 | D:7      | Killed Prince Ribbit
  6847 | D:7      | Found an iron altar of Okawaru.
  6854 | D:7      | Became a worshipper of Warmaster Okawaru
  6863 | D:7      | Noticed Pikel
  6899 | D:7      | Killed Pikel
  6899 | D:7      | Reached * piety under Okawaru
  6899 | D:7      | Reached skill level 5 in Throwing
  6899 | D:7      | Reached skill level 5 in Dodging
  6899 | D:7      | Reached skill level 5 in Stealth
  7020 | D:7      | Found a shimmering altar of Xom.
  7062 | D:7      | Noticed Maggie
  7083 | D:7      | HP: 3/81 [gnoll/+0 spear (2)]
  7100 | D:7      | HP: 4/81 [Maggie/bolt of fire (18)]
  7197 | D:7      | Killed Maggie
  7197 | D:7      | Reached skill level 5 in Invocations
  7472 | D:7      | Found a staircase to the Ecumenical Temple.
  7560 | D:7      | Found a glowing golden altar of the Shining One.
  7660 | D:8      | Noticed a two-headed ogre
  7706 | D:8      | Noticed a cyclops
  7973 | D:7      | Killed a two-headed ogre
  7973 | D:7      | Reached XP level 10. HP: 9/88 MP: 15/17
  8512 | D:7      | Mangled by a cyclops

Illustrated notes

Levels and vault maps discovered:
D:1:      roderic_octagonal_star, layout_basic, nrook_campfire
D:2:      minmay_alternating_diamond, layout_loops_ring
D:3:      layout_rooms, first_ration, uniq_ijyb
D:4:      layout_basic, nicolae_ru_sacrificial_ziggurat
D:5:      layout_rooms, serial_shops, shop_fountains
D:6:      layout_loops_ring, kennysheep_little_box, uniq_grinder, uniq_menkaure,
          uniq_sigmund
D:7:      layout_cave_pools, lemuel_round_altar, tso_altar, lemuel_round_altar,
          minmay_temple_entry_antechambers, uniq_maggie, uniq_prince_ribbit1,
          uniq_pikel
D:8:      layout_cave_pools, old_standard_altar, nicolae_overflow_crystal_walls,
          serial_shops, nicolae_shop_behind_doors, uniq_joseph, uniq_gastronok

Skill      XL: |  1  2  3  4  5  6  7  8  9 |
---------------+----------------------------+-----
Fighting       | 11 | 11.3
Invocations    | 1 2 3 4 5 |  5.4
Short Blades   | 1 2 3 4 |  4.9
Long Blades    | 1 2 3 4 |  4.9
Axes           | 1 2 3 4 |  4.9
Maces & Flails | 1 2 3 4 |  4.9
Polearms       | 1 2 3 4 |  4.9
Staves         | 1 2 3 4 |  4.9
Slings         | 1 2 3 4 |  4.9
Bows           | 1 2 3 4 |  4.9
Crossbows      | 1 2 3 4 |  4.9
Armour         | 1 2 3 4 |  4.9
Shields        | 1 2 3 4 |  4.9
Spellcasting   | 1 2 3 4 |  4.9
Evocations     | 1 2 3 4 |  4.9
Conjurations   | 1 2 3 4 |  4.0
Hexes          | 1 2 3 4 |  4.0
Charms         | 1 2 3 4 |  4.0
Summonings     | 1 2 3 4 |  4.0
Necromancy     | 1 2 3 4 |  4.0
Translocations | 1 2 3 4 |  4.0
Transmutations | 1 2 3 4 |  4.0
Fire Magic     | 1 2 3 4 |  4.0
Ice Magic      | 1 2 3 4 |  4.0
Air Magic      | 1 2 3 4 |  4.0
Earth Magic    | 1 2 3 4 |  4.0
Poison Magic   | 1 2 3 4 |  4.0
Throwing       | 3 4 5 |  5.6
Dodging        | 3 4 5 |  5.6
Stealth        | 3 4 5 |  5.5
Unarmed Combat | 5 6 |  6.8

Action                   |  1- 3 |  4- 6 |  7- 9 | 10-12 || total
-------------------------+-------+-------+-------+-------++-------
Melee: Falchion          |    75 |       |       |       ||    75
       Bite              |    11 |    26 |    90 |    13 ||   140
       Punch             |     1 |     3 |     8 |       ||    12
       Dagger            |    39 |   131 |    25 |       ||   195
       Short sword       |       |       |   495 |    47 ||   542
  Use: Potion            |     1 |       |     3 |       ||     4
       Scroll            |       |       |     8 |       ||     8
  Eat: Chunk             |     1 |     6 |    15 |     3 ||    25
Armor: Plate armour      |   108 |    85 |   266 |    19 ||   478
Dodge: Dodged            |    16 |    13 |    68 |     2 ||    99
Block: Other             |       |    16 |    51 |       ||    67
       Kite shield       |       |       |   238 |    34 ||   272
       Reflection        |       |       |     2 |       ||     2
       Rpst.: Falchion   |     4 |       |       |       ||     4
